 Dungeon Crawl Stone Soup version 0.26-a0-357-gd2331e5 (webtiles) character file.

Game seed: 16409994926587846005

148 slphil the Covert (level 5, 0/32 HPs)
             Began as a Vampire Delver on July 18, 2020.
             Slain by a worm (8 damage)
             ... on level 4 of the Dungeon.
             The game lasted 00:02:55 (595 turns).

slphil the Covert (Vampire Delver)                   Turns: 595, Time: 00:02:56

Health: 0/32       AC:  4    Str: 11    XL:     5   Next: 8%
Magic:  5/5        EV: 13    Int: 13    God:
Gold:   0          SH:  0    Dex: 16    Spells: 4/4 levels left

rFire    . . .     SeeInvis +   a - +0 short sword
rCold    + + .     Faith    .   (no shield)
rNeg     + + +     Spirit   .   b - +0 leather armour
rPois    ∞         Reflect  .   (no helmet)
rElec    .         Harm     .   (no cloak)
rCorr    .                      (no gloves)
MR       .....                  i - +0 pair of boots
Stlth    ++++++....             (no amulet)
HPRegen  0.00/turn              (no ring)
MPRegen  0.09/turn              (no ring)

@: bloodless
A: fangs 3, see invisible, unbreathing
a: Bat Form, Revivify


You were on level 4 of the Dungeon.
You visited 1 branch of the dungeon, and saw 2 of its levels.

Inventory:

Hand Weapons
 a - a +0 short sword (weapon)
Armour
 b - a +0 leather armour (worn)
 i - a +0 pair of boots (worn)
Wands
 g - a wand of digging (3)
Scrolls
 c - a scroll of fog
 e - a scroll of fear
 h - a scroll of identify {unknown}
Potions
 f - a potion of haste


   Skills:
 + Level 3.3 Fighting
 + Level 3.2 Short Blades
 + Level 2.7 Dodging
 - Level 9.1 Stealth


You had 4 spell levels left.
You didn't know any spells.
Your spell library was empty.

Dungeon Overview and Level Annotations

Branches:
Dungeon (5/15)
 Temple: D:4-7

Altars:
Gozag

Annotations:
D:4 Sigmund


Innate Abilities, Weirdness & Mutations

You do not regenerate when monsters are visible.
You are frail without blood (-20% HP).
You can heal yourself when you bite living creatures.
You are immune to poison.
You have razor-sharp teeth.
You have supernaturally acute eyesight. (SInv)
You can survive without breathing.


Message History

* * * LOW HITPOINT WARNING * * *
You hit the worm.
The worm is moderately wounded.
You hit the worm.
The worm is moderately wounded.
The worm barely misses you.
You hit the worm.
The worm is moderately wounded.
You hit the worm but do no damage.
The worm is moderately wounded.
The worm bites you but does no damage.
You barely miss the worm.
The worm is moderately wounded.
The worm closely misses you.
You hit the worm.
The worm is heavily wounded.
You hit the worm.
The worm is heavily wounded.
The worm bites you!
You die...

******#.** #...#.'Z##..#.#
**,,,**...**#...#.###.#...#**
**,,,,,,,,..##....[##..##....#
*,,,,,,,,,,........#...###....
*,,,,,,,,,,..#.........'.##...
*,,,,,,,,,,,,#...#.#...###,...
**,,,,,,,,,,##.....##?.#*,,*#.
**,,,**,,,*#w†....###.#,,,,,.
**********#@#.##.'.##..,,,**
#....##.###,..@.**
****#.#.###.#*,,.(..#
**,,.....# #.#,,,....#
**,,,.....#*#..,,,,...#
*,,,.......*#..,,,,,..#
*,,.....,.[*#.#**********
*,......,..#### ***,,
*,,,,,,,,,,* *******,,,*


You could see a worm.

Vanquished Creatures
  An ice beast (D:5)
  A worker ant (D:4)
  A mummy (D:4)
  An adder (D:5)
  A worm (D:4)
  An orc (D:4)
  A hobgoblin zombie (D:4)
7 creatures vanquished.

Notes
Turn   | Place    | Note
-------+----------+-------------------------------------------
     0 | D:5      | slphil the Vampire Delver began the quest for the Orb.
     0 | D:5      | Reached XP level 1. HP: 17/17 MP: 1/1
    28 | D:5      | Noticed an ice beast
    39 | D:5      | Killed an ice beast
    39 | D:5      | Reached skill level 9 in Stealth
    39 | D:5      | Reached XP level 2. HP: 10/19 MP: 2/2
    39 | D:5      | Reached XP level 3. HP: 12/23 MP: 3/3
    39 | D:5      | Reached XP level 4. HP: 15/28 MP: 4/4
   212 | D:4      | Found an opulent altar of Gozag.
   226 | D:4      | Found a sand-covered staircase.
   235 | D:4      | Noticed Sigmund
   251 | D:4      | Reached XP level 5. HP: 5/32 MP: 5/5
   595 | D:4      | Slain by a worm

Illustrated notes

Levels and vault maps discovered:
D:4:      layout_rooms, kennysheep_mini, tso_oasis_becter,
          nicolae_ossuary_entry_giza, uniq_sigmund
D:5:      layout_loops_ring, grunt_temple_overflow_order_and_chaos_1,
          marbit_many_paths

Skill      XL: |  1  2  3  4 |
---------------+-------------+-----
Fighting       | 3 |  3.3
Stealth        | 9 |  9.1
Short Blades   | 3 |  3.2
Dodging        | |  2.7

Action                   |  1- 3 |  4- 6 || total
-------------------------+-------+-------++-------
Melee: Short sword       |     5 |    43 ||    48
       Bite              |       |     3 ||     3
 Abil: Exsanguinate      |     1 |       ||     1
  Use: Scroll            |       |     1 ||     1
 Stab: Sleeping          |     1 |     3 ||     4
Armor: Leather armour    |     1 |     9 ||    10
Dodge: Dodged            |     2 |    13 ||    15

Table legend:
 A = Non-vault XP
 B = Vault XP
 C = Vault XP percentage of total XP
 D = Non-vault monster count
 E = Vault monster count
 F = Vault count percentage of total count
                 A         B        C        D         E       F
            +---------+---------+-------+---------+---------+-------
      Total |     190 |      22 |  10.4 |       5 |       2 |  28.6
            +---------+---------+-------+---------+---------+-------
        D:4 |      41 |      22 |  34.9 |       3 |       2 |  40.0
        D:5 |     149 |       0 |   0.0 |       2 |       0 |   0.0
            +---------+---------+-------+---------+---------+-------
